AoeStats
← 落花之情

Arena

504543324Analyzed
4v4 RM · 26d ago on Sep 5, 2026· 43m 38s· 8 players
Game mode
Random Map
Map size
Large (8 player)
Population
200
Speed
Normal
Resources
Standard
Victory
Conquest
Starting age
Dark Age
Ending age
Imperial Age
RankedLock teamsTeams togetherTeam positionsShared explorationLock speedFull tech treeHidden civsTurbo modeCheats
Victory
Defeat
🇨🇴 Shu · Colombia
1701
+14
🇨🇴 Turks · Colombia
1673
+15
🇨🇴 Byzantines · Colombia
1646
+16
🇨🇴 Goths · Colombia
1576
+19
🇨🇳 Portuguese · China
1773
-20
🇨🇳 Tatars · China
1643
-16
🇹🇷 Gurjaras · Türkiye
1611
-14
🇨🇳 Huns · China
1589
-14
Bz_青红
11:07 Feudal Age
15:50 Castle Age
14:02 Double-Bit Axe
14:15 Horse Collar
16:23 Loom
16:51 Bow Saw
16:43 Heavy Plow
16:36 Town Watch
23:27 Scale Barding Armor
25:26 Wheelbarrow
32:18 Imperial Age
31:10 Chain Barding Armor
32:09 Fortified Wall
32:13 Bloodlines
32:37 Elite Keshik
33:53 Conscription
33:59 Forging
34:30 Plate Barding Armor
35:24 Iron Casting
35:59 Silk Armor
36:58 Husbandry
38:01 Blast Furnace
40:36 Fletching
41:49 Chemistry
41:10 Ballistics
40:40 Elite Skirmisher
43:21 Bodkin Arrow
Itgetsdarker
10:19 Feudal Age
15:27 Castle Age
13:19 Double-Bit Axe
13:40 Horse Collar
15:44 Loom
22:16 Town Watch
23:07 Wheelbarrow
25:14 Scale Barding Armor
29:24 Imperial Age
27:30 Hand Cart
27:49 Bloodlines
27:32 Fletching
28:40 Kshatriyas
29:33 Bodkin Arrow
30:37 Gold Mining
31:27 Conscription
32:15 Gold Shaft Mining
32:03 Thumb Ring
32:34 Bracer
34:33 Chemistry
34:36 Elite Elephant Archer
35:43 Padded Archer Armor
36:41 Ballistics
37:14 Leather Archer Armor
38:15 Masonry
42:12 Elite Skirmisher
42:49 Light Cavalry
43:30 Husbandry
43:56 Bow Saw
43:48 Heavy Plow
落花之情
10:41 Feudal Age
14:29 Castle Age
12:37 Double-Bit Axe
13:05 Horse Collar
17:26 Bow Saw
22:09 Wheelbarrow
22:29 Heavy Plow
23:23 Gold Mining
24:18 Hand Cart
24:13 Stone Mining
24:15 Gold Mining
25:36 Loom
28:29 Imperial Age
25:51 Loom
26:16 Fletching
26:50 Ballistics
26:43 Husbandry
26:54 Bloodlines
27:00 Town Watch
27:48 Bodkin Arrow
27:53 Padded Archer Armor
28:36 Thumb Ring
29:16 Bracer
30:18 Chemistry
29:45 Parthian Tactics
29:43 Conscription
30:19 Cavalier
31:18 Leather Archer Armor
31:49 Scale Barding Armor
31:31 Light Cavalry
32:44 Chain Barding Armor
31:50 Heavy Cavalry Archer
34:04 Chain Barding Armor
34:10 Stone Mining
34:55 Gold Shaft Mining
35:10 Plate Barding Armor
35:53 Forging
36:14 Elite Skirmisher
38:28 Iron Casting
37:48 Paladin
39:32 Light Cavalry
40:09 Hussar
胖子事情多
12:33 Feudal Age
12:49 Feudal Age
13:40 Double-Bit Axe
16:37 Castle Age
15:50 Stone Mining
15:53 Gold Mining
15:51 Horse Collar
23:27 Imperial Age
25:11 Chemistry
25:27 Bow Saw
30:17 Wheelbarrow
29:28 Loom
30:54 Fletching
31:04 Padded Archer Armor
30:34 Crossbowman
31:49 Bodkin Arrow
31:25 Arbalester
31:29 Elite Skirmisher
32:40 Bracer
33:20 Thumb Ring
34:06 Leather Archer Armor
36:24 Hand Cart
38:09 Fortified Wall
39:10 Ring Archer Armor
VLC | Raconteur
10:35 Feudal Age
14:29 Castle Age
12:35 Horse Collar
13:34 Double-Bit Axe
15:49 Bow Saw
17:41 Heavy Plow
19:24 Wheelbarrow
18:59 Loom
22:07 Hand Cart
27:16 Imperial Age
25:34 Scale Mail Armor
25:25 Pikeman
26:24 Forging
27:23 Chain Mail Armor
27:44 Squires
27:28 Halberdier
28:42 Plate Mail Armor
29:29 Iron Casting
29:08 Crossbowman
29:39 Fletching
29:41 Elite Skirmisher
31:36 Chemistry
31:23 Ballistics
31:36 Bodkin Arrow
32:03 Conscription
32:44 Bracer
32:44 Padded Archer Armor
34:00 Padded Archer Armor
34:57 Coinage
36:15 Banking
35:42 Stone Mining
40:01 Treadmill Crane
41:22 Bombard Tower
42:20 Leather Archer Armor
43:44 Ring Archer Armor
43:01 Arson
VLC | BacTi
8:27 Loom
10:23 Feudal Age
14:37 Castle Age
12:54 Horse Collar
13:09 Double-Bit Axe
17:09 Bow Saw
21:31 Wheelbarrow
24:59 Stone Mining
25:02 Gold Mining
25:47 Heavy Plow
29:28 Imperial Age
27:05 Pikeman
27:45 Squires
27:46 Scale Mail Armor
27:57 Forging
28:20 Stone Mining
30:10 Chain Mail Armor
30:32 Iron Casting
31:01 Perfusion
30:33 Man-at-Arms
31:50 Capped Ram
32:41 Anarchy
33:02 Conscription
34:23 Halberdier
36:28 Iron Casting
37:30 Masonry
38:21 Chemistry
40:23 Elite Huskarl
VLC | DeaH
11:07 Feudal Age
14:52 Castle Age
12:42 Double-Bit Axe
12:59 Horse Collar
15:43 Wheelbarrow
19:00 Bow Saw
20:22 Hand Cart
21:30 Loom
22:30 Town Watch
26:51 Imperial Age
24:02 Crossbowman
24:34 Fletching
24:38 Gold Mining
24:50 Heavy Plow
25:32 Bodkin Arrow
25:57 Padded Archer Armor
26:20 Fortified Wall
27:35 Bracer
28:37 Chemistry
27:59 Ballistics
29:19 Two-Man Saw
28:02 Arbalester
29:03 Thumb Ring
29:55 Leather Archer Armor
29:54 Masonry
31:12 Conscription
31:20 Bolt Magazine
32:01 Gold Shaft Mining
31:45 Stone Mining
32:45 Siege Engineers
34:13 Ring Archer Armor
34:21 Scale Mail Armor
34:31 Coiled Serpent Array
36:22 Chain Mail Armor
36:18 Forging
36:24 Elite White Feather Guard
37:35 Plate Mail Armor
37:07 Squires
36:53 Gambesons
36:54 Arson
38:41 Architecture
43:00 Hoardings
VLC | GCuello
10:40 Feudal Age
14:44 Castle Age
13:03 Horse Collar
13:40 Double-Bit Axe
15:58 Wheelbarrow
15:45 Bow Saw
19:20 Loom
20:52 Gold Mining
26:00 Imperial Age
23:53 Heavy Plow
23:59 Padded Archer Armor
24:47 Gold Shaft Mining
27:25 Leather Archer Armor
29:57 Ring Archer Armor
34:56 Scale Barding Armor
36:49 Two-Man Saw
37:12 Bloodlines
37:02 Husbandry
37:24 Chain Barding Armor
37:15 Forging
38:14 Hand Cart
39:31 Plate Barding Armor
39:32 Iron Casting
42:47 Blast Furnace
42:42 Artillery
43:02 Conscription
43:44 Fortified Wall
Connection lost

Rejoining the realm…

Still unreachable

The connection could not be restored.

Session expired

The server has moved on; the page needs a fresh start.